Map: Solaris LE

Players

Subwayeatn

  • Race: Zerg Zerg
  • League: Platinum
  • Spawn Location: 1:00

OceanEyes - Winner!

  • Race: Terran Terran
  • League: Platinum
  • Spawn Location: 7:00

VOD

Have the link to the VOD?

Description

Time

  • Played on: Nov. 4, 2023, 5:16 p.m.
  • Length: 4:06
Show
View Real Time Build Order
Export as new Build Order

Subwayeatn Zerg 

Build Orders: Pool First 

Get SALT Encoding   

  12  0:00  Drone  
  13  0:13  Overlord  
  13  0:18  Drone  
  14  0:31  Drone x2  
  14  0:35  Drone  
  17  0:45  Drone  
  17  0:47  Extractor  
  17  0:50  Spawning Pool  
  16  0:58  Drone  
  17  1:16  Hatchery  
  16  1:23  Drone x2  
  18  1:40  Zergling x4  
  20  1:50  Metabolic Boost  
  20  1:53  Queen  
  22  1:57  Overlord  
  22  2:18  Zergling x4  
  24  2:30  Queen  
  24  2:34  Drone  
  24  2:35  Drone x2  
  29  2:42  Drone  
  30  2:59  Drone x3  
  33  3:06  Queen  
  35  3:14  Drone, Overlord  
  35  3:17  Overlord  
  38  3:34  Drone x2  
  38  3:36  Drone x2  
  38  3:37  Drone x5  
  45  3:42  Extractor  
Show
View Real Time Build Order
Export as new Build Order

OceanEyes Terran - Winner!

Build Orders: 1/1/1, Widow Mine Drop 

Get SALT Encoding   

  12  0:00  SCV  
  13  0:12  SCV  
  14  0:18  Supply Depot  
  14  0:24  SCV  
  15  0:32  Refinery  
  15  0:39  SCV  
  16  0:45  Barracks  
  16  0:52  SCV  
  17  0:59  Supply Depot  
  17  1:04  SCV  
  18  1:16  SCV  
  19  1:28  SCV  
  20  1:34  Factory, Marine  
  21  1:40  Orbital Command  
  21  1:46  Refinery  
  21  1:52  Marine  
  22  2:07  SCV  
  23  2:12  Marine  
  24  2:20  Widow Mine, Starport  
  24  2:21  SCV  
  27  2:25  Supply Depot  
  27  2:30  Marine  
  27  2:34  SCV  
  29  2:42  Widow Mine  
  31  2:47  SCV  
  32  2:57  Medivac  
  34  2:59  SCV  
  34  3:01  Marine  
  34  3:03  Factory Tech Lab  
  36  3:08  Armory  
  36  3:13  SCV  
  37  3:25  SCV  
  38  3:31  Supply Depot  
  38  3:42  Command Center  
  38  3:50  SCV  
  38  3:51  Factory  
Tags
 
Add a new tag
Caveats
  • Supply blocks, unpowered buildings, or Contaminate may cause inaccurate times.
  • Supply counts are checked every 10 seconds.